 Dungeon Crawl Stone Soup version 0.29.0-4-gdea44cf6ec (webtiles) character file.

Game seed: 6058483388565484368

76342 qw the Severer (level 15, -5/220 HPs)
             Began as a Minotaur Berserker on Sept 10, 2022.
             Was an Elder of Trog.
             Slain by an eight-headed hydra (6 damage)
             ... on level 15 of the Dungeon.
             The game lasted 00:08:54 (28089 turns).

qw the Severer (Minotaur Berserker)                Turns: 28089, Time: 00:08:55

Health: -5/220     AC: 20    Str: 28    XL:     15   Next: 12%
Magic:  14/14      EV: 11    Int:  4    God:    Trog [****..]
Gold:   1673       SH: 18    Dex: 11    Spells: 14/14 levels left

rFire   . . .      SeeInvis .   d - +0 flail
rCold   . . .      Faith    .   r - +0 kite shield
rNeg    + . .      Spirit   .   c - +3 chain mail {Will+}
rPois   .          Reflect  +   l - +2 hat
rElec   .          Harm     .   (no cloak)
rCorr   +          Rampage  .   f - +0 pair of gloves
Will    ++...                   i - +0 pair of boots
Stlth   ..........              k - amulet of reflection
HPRegen 0.46/turn               j - ring of resist corrosion
MPRegen 0.14/turn               u - ring of positive energy

@: berserking (expiring), very quick
A: horns 2, retaliatory headbutt
a: Renounce Religion, Berserk, Trog's Hand, Brothers in Arms


You were on level 15 of the Dungeon.
You worshipped Trog.
Trog was greatly pleased with you.
You visited 2 branches of the dungeon, and saw 20 of its levels.

You collected 1799 gold pieces.
You spent 126 gold pieces at shops.


Innate Abilities, Weirdness & Mutations

You have a pair of horns on your head.
You reflexively headbutt those who attack you in melee.


   Skills:
 - Level 17.0 Fighting
 - Level 18.0 Axes
 - Level 3.1 Throwing
 - Level 12.0 Armour
 - Level 8.0 Dodging
 + Level 15.5 Shields


You had 14 spell levels left.
You didn't know any spells.
Your spell library was empty.

Inventory:

Hand Weapons
 d - a +0 flail (weapon)
 Y - a +6 broad axe of draining
Armour
 c - a +3 chain mail of willpower (worn)
 f - a +0 pair of gloves (worn)
 i - a +0 pair of boots (worn)
 l - a +2 hat (worn)
 p - a +0 plate armour
 r - a +0 kite shield (worn)
 s - a +2 scale mail of fire resistance
Jewellery
 j - a ring of resist corrosion (left hand)
 k - an amulet of reflection (around neck)
 t - a ring of fire
 u - a ring of positive energy (right hand)
Scrolls
 e - 8 scrolls of identify
 g - 7 scrolls of teleportation
Potions
 a - 3 potions of might
 b - 3 potions of cancellation
 h - 2 potions of resistance
 m - 12 potions of curing
 n - 3 potions of heal wounds
 o - 4 potions of haste
 q - a potion of mutation

Dungeon Overview and Level Annotations

Branches:
Dungeon (15/15)            Temple (0/1) D:4            Lair (5/5) D:10
 Shoals (0/4) Lair:2        Snake (0/4) Lair:2        Slime (0/5) Lair:5
    Orc (0/2) D:9          Vaults (0/5) D:13         Depths (0/4) D:15

Altars:
Ashenzari
Cheibriados
Dithmenos
Elyvilon
Hepliaklqana
Kikubaaqudgha
Makhleb
Nemelex Xobeh
Okawaru
Qazlal
Sif Muna
Vehumet
Wu Jian
Xom
Yredelemnul
The Shining One
Jiyva

Shops:
D:4 !   D:10 (

Annotations:
D:3 2 transporters
D:7 1 runed translucent door, qw's ghost, novice DsCA
D:8 2 transporters
Lair:4 2 transporters, 1 runed translucent door, qw's ghost, journeyman GrBe


Message History

The eight-headed hydra bites you but does no damage. x2
You block the eight-headed hydra's attack.
The eight-headed hydra closely misses you.
You block the eight-headed hydra's attack.
The eight-headed hydra completely misses you.
You block the eight-headed hydra's attack.
The eight-headed hydra bites you.
You block the skeletal warrior's attack.
The necromancer hits the withered plant with a +0 dagger.
The phantasmal warrior hits you but does no damage.
You thump the juggernaut zombie!
You headbutt the juggernaut zombie, but do no damage.
The juggernaut zombie is lightly damaged.
You bludgeon the juggernaut zombie!!
The juggernaut zombie is moderately damaged.
The juggernaut zombie hits you!!
You block the juggernaut zombie's attack.
The eight-headed hydra bites you but does no damage.
The eight-headed hydra bites you.
The eight-headed hydra bites you but does no damage.
The eight-headed hydra barely misses you.
The eight-headed hydra bites you. The eight-headed hydra bites you!
The eight-headed hydra barely misses you.
You block the eight-headed hydra's attack.
The phantasmal warrior hits you!!
You block the skeletal warrior's attack.
The necromancer mumbles some strange words.
The necromancer binds the souls of nearby monsters.
The ettin skeleton hits the withered plant!
The ettin skeleton hits the withered plant!!
You sock the juggernaut zombie! You headbutt the juggernaut zombie.
The juggernaut zombie is moderately damaged.
You block the spark wasp zombie's attack.
The skeletal warrior hits you with a +1 dire flail.
The necromancer hits the withered plant with a +0 dagger.
You block the phantasmal warrior's attack.
You block the eight-headed hydra's attack.
The eight-headed hydra bites you but does no damage. x2
The eight-headed hydra bites you. x2
You die...

P.PP...P..P.....
..PPP...PPP......
.................
.................
.#...............
.................
..........Z......
........$@D......
.........
.............8.


You could see an eight-headed hydra (soul bound), a skeletal warrior, a
phantasmal warrior, a necromancer, a juggernaut zombie, a spark wasp zombie and
an ettin skeleton.

Vanquished Creatures
  Rupert (Lair:4)
  Frances (D:14)
  Gastronok (D:11)
  Josephine (D:10)
  A yaktaur captain (D:13)
  7 hydras
  Harold (Lair:2)
  4 boulder beetles
  A catoblepas (Lair:5)
  4 two-headed ogres
  4 centaur warriors
  8 death yaks
  Nergalle (Lair:3)
  Lodul (D:12)
  A skeletal warrior (D:15)
  Pikel (D:7)
  5 deep elf pyromancers
  11 ugly things
  3 manticores
  A cyclops (D:14)
  A wolf spider (Lair:5)
  4 elephants
  11 black mambas
  A merfolk siren (Lair:2)
  A guardian serpent (Lair:5)
  13 cane toads
  A gargoyle (D:14)
  Joseph (D:7)
  An unseen horror (D:12)
  3 kobold demonologists
  11 komodo dragons
  5 rime drakes
  2 yaktaurs (D:13)
  2 polar bears
  2 trolls
  4 hornets
  14 blink frogs
  6 slime creatures
  13 dream sheep
  6 wraiths
  2 shadows
  11 wyverns
  A basilisk (Lair:1)
  2 vampires
  42 yaks
  Grum (D:11)
  11 vampire mosquitoes
  A steam dragon (D:8)
  3 redbacks (Lair:5)
  3 acid dragons
  25 water moccasins
  A floating eye (shapeshifter) (D:13)
  An ice beast (D:8)
  A sky beast (D:7)
  4 orc warriors
  2 black bears
  8 ogres
  4 wolves (D:11)
  A centaur (shapeshifter) (D:9)
  7 centaurs
  2 phantoms (D:5)
  12 kobold brigands
  9 bullfrogs
  A bullfrog (shapeshifter) (D:14)
  4 gnoll sergeants
  4 necrophages
  2 cane toad simulacra (Lair:5)
  A howler monkey (D:9)
  5 hounds
  9 orc priests
  A gnoll bouda (D:6)
  2 jellies
  4 iguanas
  20 orc wizards
  A polar bear simulacrum (Lair:5)
  16 gnolls
  7 adders
  2 shadow imps
  4 white imps
  3 ufetubi
  A dart slug (D:9)
  36 orcs
  2 ball pythons
  12 endoplasms
  4 giant cockroaches
  5 goblins
  8 hobgoblins
  9 jackals
  22 kobolds
  A quokka (D:1)
  10 bats
  3 frilled lizards
  10 rats
  A butterfly (Lair:3)
524 creatures vanquished.

Vanquished Creatures (others)
  Nessos (Lair:4)
  An orc wizard (D:10)
  2 orcs (D:10)
  A bush (Lair:5)
  28 fungi
  39 plants
  A withered plant (D:15)
73 creatures vanquished.

Grand Total: 597 creatures vanquished

Notes
Turn   | Place    | Note
-------+----------+-------------------------------------------
     0 | D:1      | qw the Minotaur Berserker began the quest for the Orb.
     0 | D:1      | Reached XP level 1. HP: 19/19 MP: 0/0
     0 | D:1      | 0 ||| qw: Version: 0.1-a-116-g5d60599
     0 | D:1      | 0 ||| qw: Game counter: 7605
     0 | D:1      | 0 ||| qw: Always use a shield: true
     0 | D:1      | 0 ||| qw: Do Orc after D:15 true
     0 | D:1      | 0 ||| qw: Do second Lair branch before Depths: true
     0 | D:1      | 0 ||| qw: Lair rune preference: random
     0 | D:1      | 0 ||| qw: Plans: Normal
     0 | D:1      | 0 ||| PLANNING D:1-11
   118 | D:1      | Reached skill level 4 in Axes
   244 | D:1      | 244 ||| Stepping ~*~*~tactically~*~*~ (stealth).
   245 | D:1      | 245 ||| READING scroll labelled VURAXA OS FINI.
   336 | D:1      | Reached XP level 2. HP: 16/26 MP: 1/1
   571 | D:1      | 571 ||| Stepping ~*~*~tactically~*~*~ (stealth).
  1153 | D:1      | 1153 ||| UPGRADING to +0 pair of gloves.
  1158 | D:1      | 1158 ||| UPGRADING to +0 leather armour.
  1168 | D:1      | 1168 ||| DROPPING +0 animal skin.
  1169 | D:1      | 1169 ||| READING scroll labelled HEAJA EPTU OLI.
  1170 | D:1      | 1170 ||| READING 2 scrolls labelled NAPEUQ QEITZU.
  1210 | D:2      | 1210 ||| STAIRDANCE
  1230 | D:2      | Reached skill level 5 in Axes
  1236 | D:2      | Reached ** piety under Trog
  1238 | D:2      | 1238 ||| STAIRDANCE
  1298 | D:2      | Reached XP level 3. HP: 31/31 MP: 2/2
  1678 | D:2      | 1678 ||| Stepping ~*~*~tactically~*~*~ (stealth).
  1688 | D:2      | 1688 ||| Stepping ~*~*~tactically~*~*~ (stealth).
  1923 | D:2      | You fall into a shaft and drop 2 floors!
  1954 | D:4      | Reached skill level 6 in Axes
  1954 | D:4      | Reached XP level 4. HP: 35/39 MP: 3/3
  2060 | D:4      | Found Cuobli's Distillery.
  2075 | D:4      | 2075 ||| BUYING 2 potions of curing (84 gold).
  2075 | D:4      | Bought 2 potions of curing for 84 gold pieces
  2075 | D:4      | 2075 ||| SHOPLISTING 2 potions of resistance (280 gold,
                  | have 62).
  2075 | D:4      | 2075 ||| BUYING potion of curing (42 gold).
  2075 | D:4      | Bought a potion of curing for 42 gold pieces
  2075 | D:4      | 2075 ||| SHOPLISTING potion of curing (42 gold, have 20).
  2075 | D:4      | 2075 ||| SHOPLISTING potion of might (56 gold, have 20).
  2075 | D:4      | 2075 ||| SHOPLISTING potion of resistance (140 gold, have
                  | 20).
  2114 | D:4      | 2114 ||| UPGRADING to +0 ring mail.
  2124 | D:4      | 2124 ||| DROPPING +0 leather armour.
  2125 | D:4      | 2125 ||| DROPPING amulet of faith.
  2126 | D:4      | 2126 ||| READING scroll labelled UQIRUI MYGOSH.
  2127 | D:4      | 2127 ||| READING scroll labelled ISHULITE DUDGH.
  2144 | D:4      | 2144 ||| FLEEEEING.
  2145 | D:4      | 2145 ||| FLEEEEING.
  2146 | D:4      | 2146 ||| FLEEEEING.
  2147 | D:4      | 2147 ||| FLEEEEING.
  2148 | D:4      | 2148 ||| FLEEEEING.
  2149 | D:4      | 2149 ||| FLEEEEING.
  2150 | D:4      | 2150 ||| STAIRDANCE
  2155 | D:3      | 2155 ||| INVOKING Berserk.
  2164 | D:3      | Reached skill level 7 in Axes
  2164 | D:3      | Reached XP level 5. HP: 35/45 MP: 4/4
  2169 | D:3      | 2169 ||| DRINKING 3 potions of curing.
  2169 | D:3      | 2169 ||| (to cure confusion)
  2429 | D:3      | 2429 ||| DROPPING +0 club.
  2435 | D:3      | Found a transporter.
  2577 | D:3      | Found a transporter.
  2612 | D:3      | 2612 ||| DROPPING +0 mace.
  2762 | D:3      | 2762 ||| READING scroll labelled PUSTRI FEETU.
  2763 | D:3      | 2763 ||| DRINKING 3 smoky silvery potions.
  2864 | D:3      | 2864 ||| DRINKING 2 fuming sapphire potions.
  2865 | D:3      | 2865 ||| DROPPING 2 potions of ambrosia.
  2866 | D:3      | Found a faded altar of an unknown god.
  3573 | D:2      | 3573 ||| UPGRADING to +0 scale mail.
  3583 | D:2      | 3583 ||| DROPPING +0 ring mail.
  3584 | D:2      | 3584 ||| DROPPING ring of magical power.
  3867 | D:3      | Reached *** piety under Trog
  3956 | D:3      | 3956 ||| DRINKING 2 metallic brown potions.
  3971 | D:4      | Reached skill level 8 in Axes
  3971 | D:4      | Reached XP level 6. HP: 45/52 MP: 5/5
  3971 | D:4      | 3971 ||| STAIRDANCE
  4035 | D:4      | 4035 ||| Stepping ~*~*~tactically~*~*~ (stealth).
  4082 | D:4      | 4082 ||| Stepping ~*~*~tactically~*~*~ (stealth).
  4264 | D:4      | Found a staircase to the Ecumenical Temple.
  4269 | D:4      | 4269 ||| INVOKING Berserk.
  4402 | D:4      | Reached skill level 9 in Axes
  4569 | D:4      | 4569 ||| DROPPING orb of mayhem.
  4570 | D:4      | 4570 ||| READING scroll labelled TEUQOO ESCHEWOO.
  4716 | D:4      | 4716 ||| READING 2 scrolls of identify.
  4716 | D:4      | 4716 ||| IDENTIFYING black potion
  4755 | D:5      | Entered Level 5 of the Dungeon
  4858 | D:5      | Reached XP level 7. HP: 42/58 MP: 6/6
  5018 | D:5      | 5018 ||| Stepping ~*~*~tactically~*~*~ (hiding).
  5032 | D:5      | 5032 ||| Stepping ~*~*~tactically~*~*~ (hiding).
  5033 | D:5      | 5033 ||| INVOKING Berserk.
  5245 | D:5      | 5245 ||| DRINKING 3 potions of curing.
  5245 | D:5      | 5245 ||| (to cure confusion)
  5417 | D:5      | Reached skill level 10 in Axes
  5487 | D:5      | Reached skill level 6 in Fighting
  5581 | D:5      | 5581 ||| Stepping ~*~*~tactically~*~*~ (hiding).
  5582 | D:5      | 5582 ||| Stepping ~*~*~tactically~*~*~ (hiding).
  5615 | D:5      | 5615 ||| INVOKING Berserk.
  5620 | D:5      | Reached XP level 8. HP: 70/70 MP: 7/7
  5706 | D:5      | Found a radiant altar of Vehumet.
  6248 | D:5      | 6248 ||| UPGRADING to +0 buckler.
  6253 | D:5      | 6253 ||| UPGRADING to +0 plate armour.
  6263 | D:5      | 6263 ||| DROPPING +0 scale mail.
  6264 | D:5      | 6264 ||| UPGRADING to amulet of the acrobat.
  6269 | D:5      | 6269 ||| READING 2 scrolls of identify.
  6269 | D:5      | 6269 ||| IDENTIFYING grey potion
  6322 | D:6      | Reached skill level 1 in Shields
  6339 | D:6      | 6339 ||| FLEEEEING.
  6342 | D:6      | 6342 ||| FLEEEEING.
  6343 | D:6      | 6343 ||| FLEEEEING.
  6346 | D:6      | 6346 ||| FLEEEEING.
  6347 | D:6      | 6347 ||| FLEEEEING.
  6348 | D:6      | 6348 ||| FLEEEEING.
  6349 | D:6      | 6349 ||| FLEEEEING.
  6352 | D:6      | 6352 ||| STAIRDANCE
  6403 | D:6      | 6403 ||| STAIRDANCE
  6405 | D:5      | 6405 ||| INVOKING Berserk.
  6513 | D:6      | 6513 ||| STAIRDANCE
  6515 | D:5      | 6515 ||| INVOKING Berserk.
  6519 | D:5      | Reached skill level 3 in Shields
  6661 | D:6      | 6661 ||| Stepping ~*~*~tactically~*~*~ (hiding).
  6662 | D:6      | 6662 ||| Stepping ~*~*~tactically~*~*~ (hiding).
  6672 | D:6      | Reached skill level 3 in Armour
  6878 | D:6      | Found a glowing golden altar of the Shining One.
  6970 | D:6      | 6970 ||| Stepping ~*~*~tactically~*~*~ (stealth).
  7013 | D:6      | Found a white marble altar of Elyvilon.
  7050 | D:6      | 7050 ||| Stepping ~*~*~tactically~*~*~ (stealth).
  7051 | D:6      | 7051 ||| FLEEEEING.
  7052 | D:6      | 7052 ||| FLEEEEING.
  7053 | D:6      | 7053 ||| INVOKING Berserk.
  7055 | D:6      | Reached skill level 11 in Axes
  7751 | D:6      | 7751 ||| READING 2 scrolls labelled ULASAPLICK.
  7752 | D:6      | 7752 ||| DRINKING 2 smoky golden potions.
  7753 | D:6      | 7753 ||| DROPPING scroll of poison.
  7754 | D:6      | 7754 ||| DROPPING potion of degeneration.
  7755 | D:6      | 7755 ||| READING 4 scrolls of teleportation.
  7788 | D:7      | 7788 ||| Stepping ~*~*~tactically~*~*~ (stealth).
  7789 | D:7      | Noticed Pikel
  7790 | D:7      | 7790 ||| Stepping ~*~*~tactically~*~*~ (stealth).
  7795 | D:7      | 7795 ||| INVOKING Berserk.
  7800 | D:7      | Killed Pikel
  7801 | D:7      | Reached skill level 6 in Shields
  7801 | D:7      | Reached XP level 9. HP: 75/75 MP: 8/8
  8136 | D:7      | Found a broken altar of Ashenzari.
  8196 | D:7      | Found a runed translucent door.
  8196 | D:7      | Noticed qw's ghost (novice DsCA)
  8250 | D:7      | Found a stormy altar of Qazlal.
  8337 | D:7      | 8337 ||| DROPPING +0 flail of protection.
  8425 | D:7      | Noticed Joseph
  8426 | D:7      | 8426 ||| Stepping ~*~*~tactically~*~*~ (hiding).
  8444 | D:7      | 8444 ||| INVOKING Berserk.
  8448 | D:7      | HP: 24/96 [Joseph/+2 quarterstaff of draining (12)]
  8450 | D:7      | Killed Joseph
  8451 | D:7      | Reached skill level 12 in Axes
  8721 | D:7      | 8721 ||| Stepping ~*~*~tactically~*~*~ (stealth).
  8730 | D:7      | 8730 ||| INVOKING Berserk.
  8850 | D:7      | Found an ornate altar of the Wu Jian Council.
  8956 | D:7      | 8956 ||| Stepping ~*~*~tactically~*~*~ (hiding).
  9140 | D:7      | Reached skill level 6 in Armour
  9141 | D:7      | 9141 ||| INVOKING Berserk.
  9624 | D:7      | 9624 ||| DROPPING scarf of shadows.
  9625 | D:7      | 9625 ||| READING 2 scrolls of identify.
  9625 | D:7      | 9625 ||| IDENTIFYING murky clear potion
  9626 | D:7      | 9626 ||| DROPPING potion of brilliance.
  9686 | D:8      | 9686 ||| SWAPPING to +0 war axe.
  9732 | D:8      | 9732 ||| DROPPING +0 hand axe.
  9742 | D:8      | 9742 ||| Stepping ~*~*~tactically~*~*~ (cloud).
  9745 | D:8      | 9745 ||| INVOKING Berserk.
  9855 | D:8      | Found an iron altar of Okawaru.
  9856 | D:8      | Found a hazy altar of Hepliaklqana.
  9863 | D:8      | Found a shadowy altar of Dithmenos.
 10045 | D:8      | 10045 ||| INVOKING Berserk.
 10173 | D:8      | Found a basalt altar of Yredelemnul.
 10173 | D:8      | Found an ancient bone altar of Kikubaaqudgha.
 10174 | D:8      | Noticed a death knight
 10175 | D:8      | Found a transporter.
 10194 | D:8      | Found a transporter.
 10280 | D:8      | Reached skill level 13 in Axes
 10463 | D:8      | 10463 ||| Stepping ~*~*~tactically~*~*~ (stealth).
 10481 | D:8      | Reached **** piety under Trog
 10499 | D:8      | 10499 ||| FLEEEEING.
 10500 | D:8      | 10500 ||| FLEEEEING.
 10501 | D:8      | 10501 ||| FLEEEEING.
 10502 | D:8      | 10502 ||| FLEEEEING.
 10503 | D:8      | 10503 ||| FLEEEEING.
 10504 | D:8      | 10504 ||| FLEEEEING.
 10505 | D:8      | 10505 ||| FLEEEEING.
 10506 | D:8      | 10506 ||| FLEEEEING.
 10507 | D:8      | 10507 ||| FLEEEEING.
 10508 | D:8      | 10508 ||| FLEEEEING.
 10509 | D:8      | 10509 ||| FLEEEEING.
 10510 | D:8      | 10510 ||| FLEEEEING.
 10511 | D:8      | 10511 ||| FLEEEEING.
 10512 | D:8      | 10512 ||| FLEEEEING.
 10513 | D:8      | 10513 ||| FLEEEEING.
 10514 | D:8      | 10514 ||| FLEEEEING.
 10515 | D:8      | 10515 ||| FLEEEEING.
 10516 | D:8      | 10516 ||| FLEEEEING.
 10517 | D:8      | 10517 ||| FLEEEEING.
 10518 | D:8      | 10518 ||| FLEEEEING.
 10519 | D:8      | 10519 ||| FLEEEEING.
 10520 | D:8      | 10520 ||| FLEEEEING.
 10521 | D:8      | 10521 ||| FLEEEEING.
 10522 | D:8      | 10522 ||| FLEEEEING.
 10523 | D:8      | 10523 ||| FLEEEEING.
 10524 | D:8      | 10524 ||| FLEEEEING.
 10525 | D:8      | 10525 ||| FLEEEEING.
 10528 | D:8      | 10528 ||| STAIRDANCE
 10669 | D:7      | 10669 ||| UPGRADING to +0 pair of boots.
 10674 | D:7      | 10674 ||| UPGRADING to +0 kite shield.
 10684 | D:7      | 10684 ||| DROPPING +0 buckler.
 10685 | D:7      | 10685 ||| READING scroll labelled SOYTWUTTUA.
 10686 | D:7      | 10686 ||| READING 2 scrolls of identify.
 10686 | D:7      | 10686 ||| IDENTIFYING glowing grey potion
 10687 | D:7      | 10687 ||| DROPPING potion of berserk rage.
 10727 | D:8      | 10727 ||| Stepping ~*~*~tactically~*~*~ (stealth).
 10750 | D:8      | Noticed a kobold demonologist
 10763 | D:8      | Killed a kobold demonologist
 10764 | D:8      | Reached XP level 10. HP: 87/88 MP: 9/9
 10779 | D:8      | 10779 ||| Stepping ~*~*~tactically~*~*~ (stealth).
 10783 | D:8      | 10783 ||| Stepping ~*~*~tactically~*~*~ (stealth).
 10784 | D:8      | 10784 ||| Stepping ~*~*~tactically~*~*~ (stealth).
 10785 | D:8      | 10785 ||| Stepping ~*~*~tactically~*~*~ (stealth).
 10786 | D:8      | 10786 ||| Stepping ~*~*~tactically~*~*~ (stealth).
 10814 | D:8      | 10814 ||| FLEEEEING.
 10818 | D:8      | 10818 ||| FLEEEEING.
 10819 | D:8      | 10819 ||| FLEEEEING.
 10859 | D:8      | 10859 ||| FLEEEEING.
 10860 | D:8      | 10860 ||| FLEEEEING.
 10861 | D:8      | 10861 ||| FLEEEEING.
 10883 | D:8      | 10883 ||| FLEEEEING.
 10955 | D:8      | 10955 ||| FLEEEEING.
 10956 | D:8      | 10956 ||| FLEEEEING.
 10957 | D:8      | 10957 ||| FLEEEEING.
 10958 | D:8      | 10958 ||| STAIRDANCE
 11105 | D:8      | 11105 ||| Stepping ~*~*~tactically~*~*~ (stealth).
 11155 | D:9      | Found a sparkling altar of Nemelex Xobeh.
 11225 | D:9      | Noticed a two-headed ogre
 11230 | D:9      | 11230 ||| INVOKING Berserk.
 11235 | D:9      | Killed a two-headed ogre
 11236 | D:9      | Reached skill level 9 in Shields
 11359 | D:9      | 11359 ||| Stepping ~*~*~tactically~*~*~ (stealth).
 11367 | D:9      | Noticed a deep elf pyromancer
 11368 | D:9      | 11368 ||| Stepping ~*~*~tactically~*~*~ (hiding).
 11381 | D:9      | Killed a deep elf pyromancer
 11397 | D:9      | 11397 ||| FLEEEEING.
 11399 | D:9      | 11399 ||| FLEEEEING.
 11450 | D:9      | 11450 ||| INVOKING Berserk.
 11500 | D:9      | 11500 ||| Stepping ~*~*~tactically~*~*~ (stealth).
 11501 | D:9      | 11501 ||| Stepping ~*~*~tactically~*~*~ (stealth).
 11521 | D:9      | Noticed a deep elf pyromancer
 11522 | D:9      | 11522 ||| Stepping ~*~*~tactically~*~*~ (stealth).
 11524 | D:9      | 11524 ||| Stepping ~*~*~tactically~*~*~ (hiding).
 11534 | D:9      | Killed a deep elf pyromancer
 11607 | D:9      | Reached skill level 14 in Axes
 11642 | D:9      | 11642 ||| FLEEEEING.
 11643 | D:9      | 11643 ||| FLEEEEING.
 11655 | D:9      | 11655 ||| INVOKING Berserk.
 11658 | D:9      | Reached skill level 3 in Dodging
 11819 | D:9      | 11819 ||| Stepping ~*~*~tactically~*~*~ (stealth).
 11820 | D:9      | 11820 ||| Stepping ~*~*~tactically~*~*~ (stealth).
 11821 | D:9      | 11821 ||| Stepping ~*~*~tactically~*~*~ (stealth).
 11822 | D:9      | 11822 ||| Stepping ~*~*~tactically~*~*~ (stealth).
 11825 | D:9      | 11825 ||| Stepping ~*~*~tactically~*~*~ (stealth).
 11827 | D:9      | 11827 ||| Stepping ~*~*~tactically~*~*~ (stealth).
 11832 | D:9      | 11832 ||| Stepping ~*~*~tactically~*~*~ (stealth).
 11834 | D:9      | 11834 ||| Stepping ~*~*~tactically~*~*~ (stealth).
 11864 | D:9      | 11864 ||| DRINKING 7 potions of curing.
 11864 | D:9      | 11864 ||| (to cure confusion)
 11869 | D:9      | 11869 ||| DRINKING 6 potions of curing.
 11869 | D:9      | 11869 ||| (to cure confusion)
 11894 | D:9      | 11894 ||| Stepping ~*~*~tactically~*~*~ (stealth).
 11913 | D:9      | 11913 ||| Stepping ~*~*~tactically~*~*~ (stealth).
 12211 | D:9      | Noticed a manticore
 12212 | D:9      | 12212 ||| INVOKING Berserk.
 12215 | D:9      | Killed a manticore
 12216 | D:9      | Reached skill level 1 in Throwing
 12231 | D:9      | 12231 ||| Stepping ~*~*~tactically~*~*~ (stealth).
 12295 | D:9      | 12295 ||| Stepping ~*~*~tactically~*~*~ (stealth).
 12305 | D:9      | 12305 ||| Stepping ~*~*~tactically~*~*~ (hiding).
 12307 | D:9      | 12307 ||| DRINKING 5 potions of curing.
 12307 | D:9      | 12307 ||| (to cure confusion)
 12308 | D:9      | 12308 ||| INVOKING Berserk.
 12319 | D:9      | Reached XP level 11. HP: 94/94 MP: 10/10
 12330 | D:9      | 12330 ||| Stepping ~*~*~tactically~*~*~ (stealth).
 12406 | D:9      | Found a staircase to the Orcish Mines.
 12418 | D:9      | 12418 ||| Stepping ~*~*~tactically~*~*~ (stealth).
 12466 | D:9      | 12466 ||| Stepping ~*~*~tactically~*~*~ (stealth).
 12468 | D:9      | 12468 ||| Stepping ~*~*~tactically~*~*~ (stealth).
 12477 | D:9      | Reached ***** piety under Trog
 12503 | D:9      | Reached skill level 15 in Axes
 12868 | D:9      | Found a snail-covered altar of Cheibriados.
 13129 | D:9      | 13129 ||| DROPPING +0 pair of gloves of stealth.
 13130 | D:9      | 13130 ||| READING 2 scrolls labelled GOAZAGHU ICSA.
 13131 | D:9      | 13131 ||| READING scroll labelled QOSEWA GUIBEPH.
 13132 | D:9      | 13132 ||| DRINKING 2 lumpy red potions.
 13133 | D:9      | 13133 ||| READING 2 scrolls of identify.
 13133 | D:9      | 13133 ||| IDENTIFYING silvery potion
 13134 | D:9      | 13134 ||| DROPPING scroll of amnesia.
 13135 | D:9      | 13135 ||| DROPPING potion of lignification.
 13136 | D:9      | 13136 ||| DROPPING potion of flight.
 13172 | D:10     | Entered Level 10 of the Dungeon
 13174 | D:10     | 13174 ||| Stepping ~*~*~tactically~*~*~ (hiding).
 13175 | D:10     | 13175 ||| Stepping ~*~*~tactically~*~*~ (hiding).
 13180 | D:10     | 13180 ||| Stepping ~*~*~tactically~*~*~ (hiding).
 13181 | D:10     | 13181 ||| Stepping ~*~*~tactically~*~*~ (hiding).
 13183 | D:10     | 13183 ||| Stepping ~*~*~tactically~*~*~ (hiding).
 13203 | D:10     | Found a flagged portal.
 13398 | D:10     | Found a staircase to the Lair.
 13513 | D:10     | Reached skill level 9 in Fighting
 13717 | D:10     | Noticed Josephine
 13730 | D:10     | Killed Josephine
 13750 | D:10     | 13750 ||| FLEEEEING.
 13751 | D:10     | 13751 ||| FLEEEEING.
 13752 | D:10     | 13752 ||| FLEEEEING.
 13753 | D:10     | 13753 ||| FLEEEEING.
 13754 | D:10     | 13754 ||| FLEEEEING.
 13755 | D:10     | 13755 ||| FLEEEEING.
 13756 | D:10     | 13756 ||| FLEEEEING.
 13757 | D:10     | 13757 ||| FLEEEEING.
 13758 | D:10     | 13758 ||| FLEEEEING.
 13759 | D:10     | 13759 ||| FLEEEEING.
 13760 | D:10     | 13760 ||| FLEEEEING.
 13761 | D:10     | 13761 ||| FLEEEEING.
 13762 | D:10     | 13762 ||| FLEEEEING.
 13763 | D:10     | 13763 ||| FLEEEEING.
 13764 | D:10     | 13764 ||| FLEEEEING.
 13765 | D:10     | 13765 ||| FLEEEEING.
 13766 | D:10     | 13766 ||| FLEEEEING.
 13767 | D:10     | 13767 ||| FLEEEEING.
 13768 | D:10     | 13768 ||| FLEEEEING.
 13769 | D:10     | 13769 ||| FLEEEEING.
 13770 | D:10     | 13770 ||| FLEEEEING.
 13773 | D:10     | 13773 ||| FLEEEEING.
 13837 | D:10     | Found Fucoesastra's Weapon Shop.
 13869 | D:10     | Found a burning altar of Makhleb.
 13875 | D:10     | 13875 ||| PLANNING LAIR
 13875 | D:10     | 13875 ||| READING scroll labelled HUPPIUNKUGG.
 13875 | D:10     | Identified a scroll of acquirement
 13875 | D:10     | 13875 ||| ACQUIRING +4 broad axe of flaming
 13875 | D:10     | Acquired a +4 broad axe of flaming
 13877 | D:10     | 13877 ||| SWAPPING to +4 broad axe of flaming.
 13878 | D:10     | 13878 ||| DROPPING +0 morningstar.
 13879 | D:10     | 13879 ||| DROPPING +1 war axe.
 13880 | D:10     | 13880 ||| READING scroll labelled DUKKOR MIMIUNN.
 13971 | Lair:1   | Entered Level 1 of the Lair of Beasts
 13972 | Lair:1   | 13972 ||| INVOKING Berserk.
 14105 | Lair:1   | Found a snail-covered altar of Cheibriados.
 14132 | Lair:1   | 14132 ||| INVOKING Berserk.
 14344 | Lair:1   | Reached skill level 16 in Axes
 14418 | Lair:1   | 14418 ||| INVOKING Berserk.
 14582 | Lair:1   | 14582 ||| INVOKING Berserk.
 14705 | Lair:1   | Noticed a boulder beetle
 14706 | Lair:1   | 14706 ||| Stepping ~*~*~tactically~*~*~ (stealth).
 14707 | Lair:1   | 14707 ||| Stepping ~*~*~tactically~*~*~ (stealth).
 14713 | Lair:1   | 14713 ||| INVOKING Berserk.
 14728 | Lair:1   | 14728 ||| Stepping ~*~*~tactically~*~*~ (stealth).
 14729 | Lair:1   | 14729 ||| Stepping ~*~*~tactically~*~*~ (stealth).
 14737 | Lair:1   | HP: 9/97 [boulder beetle (21)]
 14738 | Lair:1   | 14738 ||| READING 5 scrolls of teleportation.
 14739 | Lair:1   | 14739 ||| DRINKING 3 potions of heal wounds.
 14741 | Lair:1   | 14741 ||| DRINKING 2 potions of heal wounds.
 14801 | Lair:1   | 14801 ||| INVOKING Berserk.
 14805 | Lair:1   | Killed a boulder beetle
 14979 | Lair:1   | Noticed an eight-headed hydra
 14984 | Lair:1   | 14984 ||| INVOKING Berserk.
 14986 | Lair:1   | Killed a six-headed hydra
 15131 | Lair:1   | 15131 ||| Stepping ~*~*~tactically~*~*~ (stealth).
 15144 | Lair:1   | Reached skill level 17 in Axes
 15214 | Lair:1   | 15214 ||| INVOKING Berserk.
 15220 | Lair:1   | Reached XP level 12. HP: 105/105 MP: 11/11
 15377 | Lair:1   | 15377 ||| INVOKING Berserk.
 15660 | Lair:1   | 15660 ||| DRINKING 2 potions of cancellation.
 15805 | Lair:1   | 15805 ||| READING 2 scrolls labelled QIBIYB QEYLIMO.
 15806 | Lair:1   | 15806 ||| READING scroll of brand weapon.
 15806 | Lair:1   | 15806 ||| BRANDING +4 broad axe of venom.
 15807 | Lair:1   | 15807 ||| READING 3 scrolls of identify.
 15807 | Lair:1   | 15807 ||| IDENTIFYING fuming white potion
 15808 | Lair:1   | 15808 ||| READING 2 scrolls of identify.
 15808 | Lair:1   | 15808 ||| IDENTIFYING purple potion
 15809 | Lair:1   | 15809 ||| DROPPING potion of attraction.
 15865 | Lair:2   | 15865 ||| Stepping ~*~*~tactically~*~*~ (stealth).
 15866 | Lair:2   | 15866 ||| Stepping ~*~*~tactically~*~*~ (stealth).
 15867 | Lair:2   | 15867 ||| Stepping ~*~*~tactically~*~*~ (stealth).
 15868 | Lair:2   | 15868 ||| Stepping ~*~*~tactically~*~*~ (stealth).
 16321 | Lair:2   | 16321 ||| INVOKING Berserk.
 16498 | Lair:2   | Found a staircase to the Snake Pit.
 16498 | Lair:2   | Noticed Harold
 16499 | Lair:2   | 16499 ||| Stepping ~*~*~tactically~*~*~ (hiding).
 16500 | Lair:2   | 16500 ||| Stepping ~*~*~tactically~*~*~ (hiding).
 16505 | Lair:2   | 16505 ||| INVOKING Berserk.
 16518 | Lair:2   | Killed Harold
 16519 | Lair:2   | Reached skill level 9 in Armour
 16730 | Lair:2   | Noticed a four-headed hydra
 16736 | Lair:2   | 16736 ||| INVOKING Berserk.
 16740 | Lair:2   | Killed a one-headed hydra
 17111 | Lair:2   | Found a staircase to the Shoals.
 17378 | Lair:2   | 17378 ||| UPGRADING to +3 chain mail of willpower.
 17418 | Lair:3   | 17418 ||| STAIRDANCE
 17470 | Lair:3   | 17470 ||| STAIRDANCE
 17473 | Lair:3   | 17473 ||| INVOKING Berserk.
 17479 | Lair:3   | Reached skill level 18 in Axes
 17495 | Lair:3   | 17495 ||| Stepping ~*~*~tactically~*~*~ (water).
 17496 | Lair:3   | Noticed a death yak
 17499 | Lair:3   | 17499 ||| FLEEEEING.
 17500 | Lair:3   | 17500 ||| STAIRDANCE
 17698 | Lair:3   | 17698 ||| INVOKING Berserk.
 17700 | Lair:3   | Killed a death yak
 17701 | Lair:3   | 17701 ||| STAIRDANCE
 17760 | Lair:3   | Noticed a death yak
 17761 | Lair:3   | Noticed a death yak
 17761 | Lair:3   | 17761 ||| Stepping ~*~*~tactically~*~*~ (stealth).
 17762 | Lair:3   | Noticed a death yak
 17764 | Lair:3   | 17764 ||| INVOKING Berserk.
 17768 | Lair:3   | Noticed a death yak
 17771 | Lair:3   | Killed a death yak
 17773 | Lair:3   | Killed a death yak
 17774 | Lair:3   | Reached skill level 12 in Shields
 17778 | Lair:3   | Killed a death yak
 17783 | Lair:3   | Killed a death yak
 17934 | Lair:3   | Noticed Nergalle
 17936 | Lair:3   | 17936 ||| Stepping ~*~*~tactically~*~*~ (hiding).
 17938 | Lair:3   | 17938 ||| INVOKING Berserk.
 17945 | Lair:3   | Killed Nergalle
 18232 | Lair:3   | You fall into a shaft and drop 2 floors!
 18232 | Lair:5   | Entered Level 5 of the Lair of Beasts
 18236 | Lair:5   | 18236 ||| INVOKING Berserk.
 18239 | Lair:5   | Reached skill level 12 in Fighting
 18247 | Lair:5   | 18247 ||| Stepping ~*~*~tactically~*~*~ (stealth).
 18248 | Lair:5   | 18248 ||| UPGRADING to ring of resist corrosion.
 18249 | Lair:5   | 18249 ||| READING 3 scrolls of identify.
 18249 | Lair:5   | 18249 ||| IDENTIFYING glowing blue potion
 18257 | Lair:5   | Reached XP level 13. HP: 118/118 MP: 12/12
 18368 | Lair:4   | 18368 ||| INVOKING Berserk.
 18513 | Lair:4   | 18513 ||| INVOKING Berserk.
 18628 | Lair:4   | 18628 ||| INVOKING Berserk.
 18737 | Lair:4   | 18737 ||| INVOKING Berserk.
 18894 | Lair:4   | Found a transporter.
 19034 | Lair:3   | 19034 ||| Stepping ~*~*~tactically~*~*~ (stealth).
 19039 | Lair:3   | 19039 ||| INVOKING Berserk.
 19326 | Lair:3   | 19326 ||| Stepping ~*~*~tactically~*~*~ (hiding).
 19433 | Lair:3   | 19433 ||| DROPPING amulet of regeneration.
 19434 | Lair:3   | 19434 ||| UPGRADING to amulet of reflection.
 19444 | Lair:3   | 19444 ||| DROPPING amulet of the acrobat.
 19466 | Lair:4   | Found a runed translucent door.
 19467 | Lair:4   | Found a shimmering altar of Xom.
 19467 | Lair:4   | Noticed qw's ghost (journeyman GrBe)
 19558 | Lair:4   | Noticed Rupert
 19559 | Lair:4   | 19559 ||| INVOKING Trog's Hand.
 19563 | Lair:4   | 19563 ||| INVOKING Berserk.
 19567 | Lair:4   | Killed Rupert
 19680 | Lair:4   | Noticed Nessos
 19682 | Lair:4   | 19682 ||| Stepping ~*~*~tactically~*~*~ (hiding).
 19684 | Lair:4   | 19684 ||| Stepping ~*~*~tactically~*~*~ (hiding).
 19688 | Lair:4   | Killed Nessos
 19742 | Lair:4   | 19742 ||| READING scroll of enchant weapon.
 19742 | Lair:4   | 19742 ||| ENCHANTING +4 broad axe of flaming.
 19996 | Lair:4   | 19996 ||| INVOKING Berserk.
 20214 | Lair:4   | 20214 ||| Stepping ~*~*~tactically~*~*~ (stealth).
 20233 | Lair:4   | 20233 ||| INVOKING Berserk.
 20238 | Lair:4   | Reached skill level 6 in Dodging
 20419 | Lair:4   | Found a transporter.
 20621 | Lair:5   | 20621 ||| Stepping ~*~*~tactically~*~*~ (stealth).
 20706 | Lair:5   | 20706 ||| INVOKING Berserk.
 20818 | Lair:5   | Found a staircase to the Slime Pits.
 20819 | Lair:5   | Found a viscous altar of Jiyva.
 20836 | Lair:5   | 20836 ||| INVOKING Berserk.
 20864 | Lair:5   | 20864 ||| Stepping ~*~*~tactically~*~*~ (stealth).
 20883 | Lair:5   | 20883 ||| Stepping ~*~*~tactically~*~*~ (stealth).
 20901 | Lair:5   | 20901 ||| INVOKING Berserk.
 20996 | Lair:5   | 20996 ||| INVOKING Berserk.
 21127 | Lair:5   | 21127 ||| Stepping ~*~*~tactically~*~*~ (stealth).
 21197 | Lair:5   | 21197 ||| Stepping ~*~*~tactically~*~*~ (stealth).
 21224 | Lair:5   | Reached XP level 14. HP: 132/132 MP: 13/13
 21346 | Lair:5   | 21346 ||| FLEEEEING.
 21347 | Lair:5   | 21347 ||| FLEEEEING.
 21348 | Lair:5   | 21348 ||| FLEEEEING.
 21349 | Lair:5   | 21349 ||| FLEEEEING.
 21350 | Lair:5   | 21350 ||| FLEEEEING.
 21351 | Lair:5   | 21351 ||| STAIRDANCE
 21485 | Lair:5   | 21485 ||| Stepping ~*~*~tactically~*~*~ (stealth).
 21492 | Lair:5   | 21492 ||| Stepping ~*~*~tactically~*~*~ (stealth).
 21501 | Lair:5   | 21501 ||| Stepping ~*~*~tactically~*~*~ (stealth).
 21502 | Lair:5   | 21502 ||| Stepping ~*~*~tactically~*~*~ (stealth).
 21503 | Lair:5   | 21503 ||| Stepping ~*~*~tactically~*~*~ (stealth).
 21524 | Lair:5   | 21524 ||| FLEEEEING.
 21534 | Lair:5   | 21534 ||| STAIRDANCE
 21782 | Lair:5   | 21782 ||| INVOKING Berserk.
 21976 | Lair:5   | 21976 ||| Stepping ~*~*~tactically~*~*~ (stealth).
 22124 | Lair:5   | 22124 ||| Stepping ~*~*~tactically~*~*~ (stealth).
 22125 | Lair:5   | 22125 ||| Stepping ~*~*~tactically~*~*~ (stealth).
 22126 | Lair:5   | 22126 ||| Stepping ~*~*~tactically~*~*~ (stealth).
 22284 | Lair:5   | 22284 ||| Stepping ~*~*~tactically~*~*~ (stealth).
 22288 | Lair:5   | Reached skill level 3 in Throwing
 22311 | Lair:5   | 22311 ||| Stepping ~*~*~tactically~*~*~ (stealth).
 22313 | Lair:5   | 22313 ||| Stepping ~*~*~tactically~*~*~ (hiding).
 22317 | Lair:5   | 22317 ||| INVOKING Berserk.
 22321 | Lair:5   | Reached skill level 15 in Fighting
 22449 | Lair:5   | 22449 ||| INVOKING Berserk.
 22844 | Lair:5   | 22844 ||| PLANNING D:1-11
 22950 | D:11     | 22950 ||| Stepping ~*~*~tactically~*~*~ (stealth).
 22952 | D:11     | 22952 ||| Stepping ~*~*~tactically~*~*~ (hiding).
 22972 | D:11     | 22972 ||| Stepping ~*~*~tactically~*~*~ (stealth).
 23062 | D:11     | Noticed Grum
 23063 | D:11     | 23063 ||| Stepping ~*~*~tactically~*~*~ (stealth).
 23065 | D:11     | 23065 ||| Stepping ~*~*~tactically~*~*~ (stealth).
 23067 | D:11     | 23067 ||| Stepping ~*~*~tactically~*~*~ (hiding).
 23070 | D:11     | 23070 ||| INVOKING Brothers in Arms.
 23071 | D:11     | 23071 ||| INVOKING Berserk.
 23075 | D:11     | Killed Grum
 23431 | D:11     | 23431 ||| FLEEEEING.
 23432 | D:11     | 23432 ||| FLEEEEING.
 23433 | D:11     | 23433 ||| FLEEEEING.
 23434 | D:11     | 23434 ||| FLEEEEING.
 23435 | D:11     | 23435 ||| FLEEEEING.
 23436 | D:11     | 23436 ||| FLEEEEING.
 23437 | D:11     | 23437 ||| FLEEEEING.
 23438 | D:11     | 23438 ||| FLEEEEING.
 23439 | D:11     | 23439 ||| FLEEEEING.
 23440 | D:11     | 23440 ||| FLEEEEING.
 23441 | D:11     | 23441 ||| FLEEEEING.
 23451 | D:11     | 23451 ||| FLEEEEING.
 23498 | D:11     | Noticed Gastronok
 23508 | D:11     | Killed Gastronok
 23872 | D:11     | 23872 ||| Stepping ~*~*~tactically~*~*~ (hiding).
 24085 | D:11     | 24085 ||| PLANNING D
 24085 | D:11     | 24085 ||| UPGRADING to +2 hat.
 24090 | D:11     | 24090 ||| UPGRADING to ring of positive energy.
 24269 | D:12     | 24269 ||| INVOKING Berserk.
 24497 | D:12     | 24497 ||| INVOKING Berserk.
 24757 | D:12     | 24757 ||| Stepping ~*~*~tactically~*~*~ (hiding).
 24758 | D:12     | 24758 ||| Stepping ~*~*~tactically~*~*~ (hiding).
 24807 | D:12     | 24807 ||| Stepping ~*~*~tactically~*~*~ (stealth).
 24808 | D:12     | 24808 ||| Stepping ~*~*~tactically~*~*~ (stealth).
 24810 | D:12     | 24810 ||| Stepping ~*~*~tactically~*~*~ (hiding).
 25068 | D:12     | Noticed Lodul
 25069 | D:12     | 25069 ||| INVOKING Brothers in Arms.
 25070 | D:12     | 25070 ||| INVOKING Berserk.
 25074 | D:12     | Reached skill level 12 in Armour
 25077 | D:12     | Killed Lodul
 25078 | D:12     | Reached skill level 15 in Shields
 25229 | D:12     | Found a shimmering blue altar of Sif Muna.
 25231 | D:12     | 25231 ||| READING scroll labelled SUWKECV FIUCI.
 25232 | D:12     | 25232 ||| READING scroll labelled GIOG LEAZESUT.
 25738 | D:13     | 25738 ||| Stepping ~*~*~tactically~*~*~ (stealth).
 25747 | D:13     | 25747 ||| Stepping ~*~*~tactically~*~*~ (stealth).
 25751 | D:13     | 25751 ||| Stepping ~*~*~tactically~*~*~ (stealth).
 25879 | D:13     | 25879 ||| Stepping ~*~*~tactically~*~*~ (hiding).
 25886 | D:13     | 25886 ||| Stepping ~*~*~tactically~*~*~ (hiding).
 25934 | D:13     | 25934 ||| Stepping ~*~*~tactically~*~*~ (hiding).
 25999 | D:13     | Identified the +6 shortbow of Ziaq {freeze, rN+ Will+ Str-3
                  | Dex+10}
 26021 | D:13     | Paralysed by a floating eye for 3 turns
 26195 | D:13     | 26195 ||| Stepping ~*~*~tactically~*~*~ (stealth).
 26204 | D:13     | 26204 ||| Stepping ~*~*~tactically~*~*~ (stealth).
 26206 | D:13     | 26206 ||| Stepping ~*~*~tactically~*~*~ (stealth).
 26207 | D:13     | 26207 ||| Stepping ~*~*~tactically~*~*~ (stealth).
 26283 | D:13     | 26283 ||| FLEEEEING.
 26284 | D:13     | 26284 ||| FLEEEEING.
 26285 | D:13     | 26285 ||| FLEEEEING.
 26326 | D:13     | 26326 ||| Stepping ~*~*~tactically~*~*~ (stealth).
 26328 | D:13     | 26328 ||| Stepping ~*~*~tactically~*~*~ (stealth).
 26395 | D:13     | Found a gate to the Vaults.
 26398 | D:13     | 26398 ||| READING scroll of enchant weapon.
 26398 | D:13     | 26398 ||| ENCHANTING +5 broad axe of flaming.
 26562 | D:13     | 26562 ||| INVOKING Berserk.
 26838 | D:13     | 26838 ||| READING scroll of brand weapon.
 26838 | D:13     | 26838 ||| BRANDING +6 broad axe of flaming.
 26926 | D:13     | 26926 ||| INVOKING Brothers in Arms.
 26929 | D:13     | 26929 ||| INVOKING Berserk.
 27211 | D:14     | 27211 ||| Stepping ~*~*~tactically~*~*~ (stealth).
 27212 | D:14     | 27212 ||| INVOKING Berserk.
 27273 | D:14     | Reached XP level 15. HP: 88/147 MP: 14/14
 27473 | D:14     | 27473 ||| Stepping ~*~*~tactically~*~*~ (hiding).
 27574 | D:14     | 27574 ||| Stepping ~*~*~tactically~*~*~ (stealth).
 27608 | D:14     | Noticed Frances
 27609 | D:14     | 27609 ||| INVOKING Brothers in Arms.
 27612 | D:14     | 27612 ||| INVOKING Berserk.
 27619 | D:14     | Killed Frances
 27696 | D:14     | 27696 ||| Stepping ~*~*~tactically~*~*~ (stealth).
 28071 | D:15     | Entered Level 15 of the Dungeon
 28071 | D:15     | Found a staircase to the Depths.
 28073 | D:15     | 28073 ||| SWAPPING to +0 flail.
 28075 | D:15     | 28075 ||| INVOKING Berserk.
 28088 | D:15     | HP: 43/220 [juggernaut zombie (23)]
 28088 | D:15     | HP: 7/220 [phantasmal warrior (21)]
 28089 | D:15     | HP: 1/220 [eight-headed hydra (4)]
 28089 | D:15     | Slain by an eight-headed hydra

Levels and vault maps discovered:
D:1:      minmay_arrival_shoal_huts, layout_basic,
          chequers_serial_rivers_micro_d, minmay_misc_feat_diagonals
D:2:      kb_forest_paths, layout_basic, minmay_quantized
D:3:      gammafunk_steamed_eel, layout_rooms, nicolae_ecumenical_oubliette,
          nicolae_hexahallways, feat_on_display
D:4:      layout_loops_ring, minmay_temple_entry_offerings, serial_shops,
          nicolae_shop_stone
D:5:      layout_loops_ring, lemuel_coloured_pillars_altar, roderic_lattice_a
D:6:      layout_basic, nicolae_overflow_crystal_walls, tso_altar,
          minmay_misc_feat_ornament, hangedman_decor_lopped
D:7:      layout_loops_corners, nzn_wu_jian_contemplation,
          grunt_qazlal_sundering, ashenzari_altar_1, gammafunk_ghost_grave,
          uniq_pikel, uniq_joseph
D:8:      layout_cave_pools, gammafunk_temple_of_torment,
          chequers_temple_overflow_statue_of_worship, special_room
          [special_room_kobold]
D:9:      minmay_the_grid_square_5x5_3x3
          [minmay_the_grid_square_5x5_checkered_statues,
          minmay_the_grid_square_5x5_two_small, minmay_the_grid_square_5x5_mess,
          minmay_the_grid_square_5x5_two,
          minmay_the_grid_square_5x5_megaprize_open,
          minmay_the_grid_square_5x5_slash,
          minmay_the_grid_square_5x5_two_walls_b,
          minmay_the_grid_square_5x5_minivault,
          minmay_the_grid_square_5x5_lines], layout_basic,
          kennysheep_slug_shrine, mainiacjoe_overflow_24_doors, david_orc_2
D:10:     layout_rooms, kennysheep_little_box, lair_entry_dummy, serial_shops,
          shop, enter_bailey_2, uniq_josephine
D:11:     layout_basic, uniq_gastronok, uniq_grum
D:12:     layout_stronghold, kennysheep_orc_sif_temple, uniq_lodul
D:13:     layout_basic, david_vaults_2, hangedman_decor_push
D:14:     layout_loops_ring, chequers_serial_rivers_micro_d, uniq_frances
D:15:     gammafunk_depths_entry_grave, layout_cross, serial_park,
          serial_park_square2, serial_park_avenue1, serial_park_square3
          [serial_park_minivault_5x5_7], minmay_splitting_lines
Lair:1:   layout_regular_city, basic_altar, grunt_megastairs_4
Lair:2:   statuecave_lemuel, layout_gridlike, elwin_shoals_entry_rooms,
          uniq_harold
Lair:3:   layout_layer_cave, infiniplex_staircase_pool_2, lemuel_fruit_tree,
          grunt_megastairs_2, lemuel_fruit_fields, uniq_nergalle
Lair:4:   gammafunk_worm_tunnel, layout_gridlike, ebering_ghost_xom,
          uniq_rupert, uniq_nessos
Lair:5:   hangedman_lair_tendril_chambers, layout_cave_pods, slime_entry_1,
          portal_ice_cave_entry_ice_simulacra

Skill      XL: |  1  2  3  4  5  6  7  8  9 10 11 12 13 14 15 |
---------------+----------------------------------------------+-----
Axes           | 4 5 6 7 8 9 10 11 13 14 17 18 | 18.0
Fighting       | 4 5 6 8 9 12 14 17 | 17.0
Shields        | 6 7 10 12 14 15 | 15.5
Armour         | 5 6 7 8 9 10 12 | 12.0
Dodging        | 3 4 6 7 8 |  8.0
Throwing       | 2 3 |  3.1

Action                   |  1- 3 |  4- 6 |  7- 9 | 10-12 | 13-15 || total
-------------------------+-------+-------+-------+-------+-------++-------
Melee: Hand axe          |    98 |   128 |   276 |       |       ||   502
       Headbutt          |     6 |    23 |    60 |   101 |   123 ||   313
       Punch             |       |     2 |     2 |       |       ||     4
       War axe           |       |       |    92 |   278 |       ||   370
       Broad axe         |       |       |       |   187 |   543 ||   730
       Flail             |       |       |       |       |    14 ||    14
Throw: Boomerang         |       |       |       |    32 |    76 ||   108
Invok: Berserk           |       |     2 |    11 |    22 |    24 ||    59
       Trog's Hand       |       |       |       |       |     1 ||     1
       Brothers in Arms  |       |       |       |       |     4 ||     4
  Use: Scroll            |     3 |     5 |     6 |    11 |     5 ||    30
       Potion            |       |     4 |     2 |     7 |       ||    13
Armor: Animal skin       |     6 |       |       |       |       ||     6
       Leather armour    |    25 |     4 |       |       |       ||    29
       Ring mail         |       |    13 |       |       |       ||    13
       Scale mail        |       |    18 |    34 |       |       ||    52
       Plate armour      |       |       |   115 |   162 |       ||   277
       Chain mail        |       |       |       |    24 |   160 ||   184
Dodge: Dodged            |    63 |    45 |   108 |   105 |    95 ||   416
Block: Buckler           |       |       |    61 |       |       ||    61
       Kite shield       |       |       |     2 |   189 |   356 ||   547
       Reflection        |       |       |       |       |    20 ||    20

Table legend:
 A = Non-vault XP
 B = Vault XP
 C = Vault XP percentage of total XP
 D = Non-vault monster count
 E = Vault monster count
 F = Vault count percentage of total count
                 A         B        C        D         E       F
            +---------+---------+-------+---------+---------+-------
      Total |   75905 |   33156 |  30.4 |     386 |     138 |  26.3
            +---------+---------+-------+---------+---------+-------
        D:1 |      35 |       0 |   0.0 |      21 |       0 |   0.0
        D:2 |      55 |      14 |  20.3 |      20 |       8 |  28.6
        D:3 |     209 |       0 |   0.0 |      27 |       0 |   0.0
        D:4 |     350 |       0 |   0.0 |      19 |       0 |   0.0
        D:5 |    1060 |       0 |   0.0 |      25 |       0 |   0.0
        D:6 |     567 |       0 |   0.0 |      18 |       0 |   0.0
        D:7 |     955 |    1075 |  53.0 |      18 |       2 |  10.0
        D:8 |     614 |    1392 |  69.4 |      14 |      21 |  60.0
        D:9 |    2761 |    3869 |  58.4 |      16 |      27 |  62.8
       D:10 |    1279 |    1986 |  60.8 |      11 |       6 |  35.3
       D:11 |    1405 |    2116 |  60.1 |      16 |       6 |  27.3
       D:12 |    6608 |    1785 |  21.3 |      19 |      13 |  40.6
       D:13 |    6739 |    1585 |  19.0 |      15 |       3 |  16.7
       D:14 |   11437 |    1552 |  11.9 |      22 |       1 |   4.3
       D:15 |       0 |     736 | 100.0 |       0 |       1 | 100.0
     Lair:1 |    4603 |    1569 |  25.4 |      15 |       4 |  21.1
     Lair:2 |    5146 |    1321 |  20.4 |      17 |       2 |  10.5
     Lair:3 |    9562 |    1319 |  12.1 |      24 |       3 |  11.1
     Lair:4 |    8323 |    2742 |  24.8 |      32 |       2 |   5.9
     Lair:5 |   14197 |   10095 |  41.6 |      37 |      39 |  51.3
            +---------+---------+-------+---------+---------+-------
